 Dungeon Crawl Stone Soup version 0.30.0-7-g0c4daa9e05 (webtiles) character file.

Game seed: 16218839015540730496

51 Atelerd the Digger (level 3, -1/21 HPs)
             Began as an Octopode Earth Elementalist on May 13, 2023.
             Slain by a gnoll
             ... wielding a +0 club
              (4 damage)
             ... on level 2 of the Dungeon.
             The game lasted 00:00:46 (1248 turns).

Atelerd the Digger (Octopode Earth Elementalist)    Turns: 1248, Time: 00:00:47

Health: -1/21      AC:  5    Str:  6 (7)  XL:     3   Next: 81%
Magic:  3/6        EV:  7    Int: 16 (17) God:
Gold:   11         SH:  0    Dex: 13 (14) Spells: 6/7 levels left

rFire   . . .        c - +3 dagger
rCold   . . .        (no shield)
rNeg    . . .        (helmet restricted)
rPois   .            (no amulet)
rElec   .            k - ring of see invisible
rCorr   .            j - +4 ring of protection
SInv    +            (no ring)
Will    .....        (no ring)
Stlth   +++          (no ring)
HPRegen 0.23/turn    (no ring)
MPRegen 0.10/turn    (no ring)
                     (no ring)

%: no passive effects
@: held
A: almost no armour, amphibious, 8 rings, camouflage 1, gelatinous body 1,
(nimble swimmer 1), tentacles
a: no special abilities


You were on level 2 of the Dungeon.
You visited 1 branch of the dungeon, and saw 2 of its levels.

You collected 11 gold pieces.

Inventory:

Hand Weapons
 c - a +3 dagger (weapon)
Jewellery
 j - a +4 ring of protection (right tentacle)
 k - a ring of see invisible (left tentacle)
Scrolls
 d - 2 scrolls of teleportation {unknown}
 e - a scroll of vulnerability {unknown}
 g - a scroll of amnesia {unknown}
 i - 3 scrolls of identify {unknown}
Potions
 a - a potion of magic
 b - a potion of degeneration
 f - a potion of brilliance {unknown}
 h - 2 potions of curing {unknown}


   Skills:
 - Level 0.2 Fighting
 + Level 2.4 Dodging
 + Level 3.1 Stealth
 + Level 2.6 Spellcasting
 * Level 1.2 Transmutations
 * Level 3.5 Earth Magic


You had 6 spell levels left.
You knew the following spells:

 Your Spells              Type           Power      Damage    Failure   Level
a - Sandblast             Erth           26%        2d8       4%          1

Your spell library contained the following spells:

 Spells                   Type           Power      Damage    Failure   Level
 Passwall                 Tmut/Erth      7%         N/A       11%         2
 Stone Arrow              Conj/Erth      14%        3d7       28%         3
 Petrify                  Tmut/Erth      9%         N/A       58%         4


Dungeon Overview and Level Annotations

Branches:
Dungeon (2/15)

Altars:


Innate Abilities, Weirdness & Mutations

You cannot wear most types of armour.
You are amphibious.
You can wear up to eight rings at the same time.
Your skin changes colour to match your surroundings (Stealth+).
Your rubbery body absorbs attacks. (AC +1, EV +1)
((You are camouflaged when in or above water. (Stealth+)))
You have tentacles for arms and can constrict up to eight enemies at once.


Message History

A gnoll comes into view. It is wielding a +0 flail.
A gnoll is nearby!
A gnoll is nearby!
A gnoll comes into view. It is wielding a +0 club.
The gnoll moves out of view.
A gnoll is nearby!
A gnoll comes into view. It is wielding a +0 whip.
The blast of sand hits the gnoll!
The gnoll is heavily wounded.
The gnoll shouts!
You hear a shout!
The gnoll hits you with a +0 flail. The gnoll closely misses you.
You hit the gnoll.
You kill the gnoll!
The blast of sand hits the gnoll.
The gnoll is moderately wounded.
There are monsters nearby!
You see here a +0 flail.
The blast of sand hits the gnoll.
The gnoll is heavily wounded.
The gnoll barely misses you. The gnoll closely misses you.
There are monsters nearby!
The gnoll attacks as you move away! The gnoll hits you with a +0 whip!
You are too injured to fight recklessly!
You are too injured to fight recklessly!
You are too injured to fight recklessly!
You hit the gnoll. You grab the gnoll.
The gnoll is severely wounded.
You constrict the gnoll. The gnoll hits you with a +0 whip.
You hit the gnoll.
You kill the gnoll!
The gnoll throws a throwing net.
The throwing net hits you.
You become entangled in the net!
You struggle against the net.
You struggle against the net.
The gnoll hits you with a +0 club.
* * * LOW HITPOINT WARNING * * *
It was a potion of degeneration.
There was something very wrong with that liquid.
You feel weakened.
You feel dopey.
You feel clumsy. The gnoll hits you with a +0 club.
You die...

# #.#
.# #.
#.# #.
.##.##.
.......
... ..#
#.# ..#
#)##.#
#g..#
#@#.#
#.#.###
#...<<#
###.###
#.#
##.###
#....#
##.###
###


You could see a gnoll.

Vanquished Creatures
  2 gnolls (D:2)
  A dart slug (D:1)
  4 ball pythons (D:1)
  2 bats (D:1)
  3 endoplasms (D:1)
  2 giant cockroaches
  2 hobgoblins (D:1)
  3 jackals (D:1)
  5 kobolds (D:1)
  A quokka (D:1)
  A frilled lizard (D:2)
  2 rats (D:1)
28 creatures vanquished.

Notes
Turn   | Place    | Note
-------+----------+-------------------------------------------
     0 | D:1      | Atelerd the Octopode Earth Elementalist began the quest for
                  | the Orb.
     0 | D:1      | Reached XP level 1. HP: 11/11 MP: 3/3
   204 | D:1      | Reached XP level 2. HP: 15/17 MP: 3/5
   821 | D:1      | Reached XP level 3. HP: 21/21 MP: 4/6
  1248 | D:2      | Slain by a gnoll

Illustrated notes

Levels and vault maps discovered:
D:1:      scummos_arrival_simple_crosswalls, layout_basic
D:2:      layout_loops_corners, shapermc_ecumenical_altar_totnotflames,
          nicolae_concentric_dashed_squares_mild, uniq_crazy_yiuf_cottage

Skill      XL: |  1  2  3 |
---------------+----------+-----
Stealth        | 3 |  3.1
Fighting       | |  0.2
Dodging        | |  2.4
Spellcasting   | |  2.6
Transmutations | |  1.2
Earth Magic    | |  3.5

Action                     || total
---------------------------++-------
  Melee: Dagger            ||    14
         Tentacles         ||     4
         Constrict         ||     6
   Cast: Sandblast         ||    34
    Use: Potion            ||     1
 Armour: Skin              ||     1
  Dodge: Dodged            ||    15
